hackurai, lawful male human Samurai @ hackurai the Joshu Experience level: 11 Strength: 18/09 Dexterity: 16 Constitution: 18 Intelligence: 10 Wisdom: 7 Charisma: 7 Health: 0(111) Energy: 29(29) Def: 17 Gold: 241 Moves: 21302 Dungeon seed: WM3IOBiu_d0zJHHu Game ID: hackurai_1461765202 Your Inventory: Coins $ - 241 gold pieces Amulets t - a cursed amulet of reflection (being worn) Weapons a - a blessed thoroughly rusty +2 long sword named +2 (weapon in hand) c - an uncursed +1 yumi (alternate weapon; not wielded) o - a blessed +0 elven dagger named +0 q - 81 uncursed +0 arrows (in quiver) Armor e - an uncursed +0 pair of elven boots (being worn) n - a blessed +3 elven leather helm (being worn) D - an uncursed +0 elven shield (being worn) H - an uncursed rotted +1 pair of yugake (being worn) N - an uncursed +0 dwarvish mithril-coat (being worn) Q - a blessed +1 dwarvish cloak (being worn) Comestibles h - 4 uncursed lumps of royal jelly j - 2 uncursed lizard corpses Potions E - an uncursed potion of water Wands u - an uncursed wand of polymorph (0:6) V - an uncursed very rusty wand of teleportation (0:3) Tools k - an uncursed skeleton key r - an uncursed +0 unicorn horn w - an uncursed magic whistle B - an uncursed bag of holding P - an uncursed towel Contents of the bag of holding: 9911 gold pieces 10 uncursed +3 arrows 2 uncursed corroded +0 arrows 32 cursed +0 arrows 5 uncursed +0 daggers 13 blessed poisoned +0 orcish arrows 46 blessed +0 ya an uncursed apple an uncursed banana 2 uncursed carrots an uncursed clove of garlic an uncursed egg 3 uncursed fortune cookies 4 uncursed gunyoki 3 uncursed lembas wafers an uncursed lizard corpse an uncursed pear 2 uncursed tripe rations a blessed scroll of destroy armor a blessed scroll of enchant armor an uncursed scroll of enchant weapon an uncursed scroll of food detection a blessed scroll of identify an uncursed scroll of light an uncursed scroll of remove curse 4 uncursed scrolls of scare monster a blessed scroll of teleportation an uncursed scroll of teleportation 2 cursed scrolls of teleportation an uncursed spellbook of cure sickness an uncursed spellbook of fireball an uncursed spellbook of invisibility an uncursed spellbook of restore ability an uncursed spellbook of restore ability an uncursed potion of extra healing a blessed potion of hallucination an uncursed potion of levitation a cursed potion of monster detection an uncursed potion of object detection a blessed potion of oil an uncursed potion of oil a cursed potion of oil a blessed potion of paralysis an uncursed potion of restore ability an uncursed potion of water an uncursed ring of levitation an uncursed ring of polymorph control a cursed ring of teleport control an uncursed wand of cold (0:8) an uncursed wand of cold (0:5) an uncursed wand of create monster (0:12) an uncursed wand of enlightenment (0:11) an uncursed wand of light (0:5) an uncursed wand of striking (0:2) an uncursed magic flute (0:4) an uncursed magic whistle an uncursed oilskin sack an uncursed +0 pick-axe an uncursed stethoscope an uncursed garnet stone an uncursed luckstone 5 uncursed worthless pieces of green glass an uncursed worthless piece of red glass an uncursed worthless piece of violet glass 3 uncursed worthless pieces of white glass an uncursed worthless piece of yellow glass 3 uncursed worthless pieces of yellowish brown glass Spells and supernatural/magical abilities: Name Level Category Fail Memory W - pray for help -- divine ? -- Your skills at the end: Miscellaneous Skills martial arts [Basic] shield [Skilled] wands [Basic] Weapon Skills short sword [Basic] long sword [Skilled] bow [Skilled] Spellcasting Skills Final Attributes: You were fervently aligned. You were sleep resistant. You saw invisible. You were telepathic. You were stealthy. You were swallowed by an air elemental. You were fast. You had reflection. You were lucky. You are dead. Vanquished creatures: a lich a clay golem a vampire a ghost 2 queen bees 2 giant mimics 2 flesh golems 3 doppelgangers a baby long worm a baby purple worm 2 long worms a stalker an earth elemental 3 hill giants 10 wargs a winter wolf 4 small mimics a warhorse an ogre lord 2 quantum mechanics a large dog 2 freezing spheres 3 flaming spheres 5 shocking spheres a tiger a dwarf king 5 chameleons 2 crocodiles a leocrotta an energy vortex 2 mountain centaurs 2 giants 2 elf mummies a human mummy a pit viper a python an ettin zombie 2 leather golems a succubus an incubus a giant beetle a cockatrice 3 wolves 4 winter wolf cubs a lynx a panther 4 gremlins 3 leprechauns a spotted jelly 3 lizards 4 mountain nymphs a mumak 6 giant spiders a horse 2 black lights 5 vampire bats 4 forest centaurs 5 gnome kings an ogre 6 brown puddings 4 rust monsters 2 owlbears 3 yetis a gold golem a Green-elf a chickatrice a dog 2 dingos 2 housecats 2 jaguars 4 dwarf lords a blue jelly a gray unicorn 4 dust vortices 4 plains centaurs 2 gnome mummies 3 snakes 10 apes 3 human zombies a rope golem 6 Woodland-elves 31 bugbears an imp 2 quasits a baby crocodile 4 wood nymphs 19 Mordor orcs 12 Uruk-hai 16 orc shamans a rock mole 9 rock piercers 2 ponies 3 fog clouds 3 yellow lights 3 shriekers a violet fungus 16 gnome lords 11 gnomish wizards a kobold mummy 2 black naga hatchlings 2 golden naga hatchlings 3 guardian naga hatchlings 3 gray oozes a barrow wight 5 elf zombies a ghoul 3 straw golems 19 giant ants 3 little dogs 5 floating eyes 3 kittens 15 dwarves a homunculus 5 kobold lords 3 kobold shamans 5 iguanas 19 hill orcs 8 rothes 2 rabid rats 2 centipedes 5 giant bats 2 monkeys an orc zombie 8 dwarf zombies a werejackal 44 killer bees 6 coyotes 3 gas spores 7 hobbits 3 acid blobs 4 large kobolds 9 geckos 17 hobgoblins 15 giant rats 7 cave spiders 4 brown molds 5 yellow molds 3 green molds 2 red molds 62 gnomes 22 garter snakes 4 gnome zombies 3 jackals 3 foxes 4 kobolds 7 newts 13 goblins 9 sewer rats 3 grid bugs 3 bats 9 lichens 4 kobold zombies 730 creatures vanquished. Voluntary challenges: You had been an atheist until turn 6676. You used a wielded weapon 1165 times, starting on turn 16. You read items or engraved 19 times, starting on turn 1429. You never genocided any monsters. You never polymorphed an object. You never changed form. You completed Sokoban on turn 4477, according to the rules. You used no wishes. You split 4 puddings, starting on turn 12855. You wrote Elbereth's name 18 times, starting on turn 1429. You never violated your personal moral code. Dungeon overview: The Dungeons of Doom: levels 1 to 21 Level 1 a long staircase Level 2 a fountain Level 3 Level 4 a fountain stairs to The Gnomish Mines Level 5 a fountain Level 6 a sink Level 7 many fountains Level 8 a fountain stairs to Sokoban Level 9 a fountain Level 10 Level 11 some fountains Level 12 an altar to Susanowo Level 13 Level 14 (big room (water)) a magic portal Level 15 a sink, a throne Level 16 <- You were here Level 17 a fountain, a throne Level 18 an armor shop, a fountain Level 19 (mumak) a fountain, a throne Level 20 Level 21 The Gnomish Mines: levels 5 to 13 Level 5 stairs to The Dungeons of Doom Level 6 Level 7 many shops, a temple to Raijin, a magic chest, a fountain Level 8 Level 9 Level 10 Level 11 Level 12 Level 13 many altars to Moloch, some fountains Sokoban: levels 4 to 7 Level 4 a magic chest Level 5 Level 6 Level 7 a magic chest stairs to The Dungeons of Doom History has recorded: On T:1 you entered the Dungeons of Doom to retrieve the Amulet of Yendor! On T:284 you reached level 2 of The Dungeons of Doom. On T:417 you advanced to experience level 2. On T:441 you reached level 3 of The Dungeons of Doom. On T:805 you advanced to experience level 3. On T:844 you reached level 4 of The Dungeons of Doom. On T:991 you reached level 5 of The Dungeons of Doom. On T:1043 you reached level 1 of The Gnomish Mines. On T:1250 you reached level 6 of The Dungeons of Doom. On T:1285 you advanced to experience level 4. On T:1389 you reached level 7 of The Dungeons of Doom. On T:1536 you advanced to experience level 5. On T:1809 you reached level 8 of The Dungeons of Doom. On T:1889 you reached level 4 of Sokoban. On T:2138 you opened a magic chest. On T:2213 you opened a magic chest. On T:2292 you reached level 3 of Sokoban. On T:2778 you reached level 2 of Sokoban. On T:2805 you advanced to experience level 6. On T:3577 you reached level 1 of Sokoban. On T:4464 you advanced to experience level 7. On T:4477 you advanced to experience level 8. On T:4477 you entered the Sokoban zoo. On T:4567 you opened a magic chest. On T:4576 you opened a magic chest. On T:4762 you opened a magic chest. On T:4897 you reached level 9 of The Dungeons of Doom. On T:4960 you reached level 10 of The Dungeons of Doom. On T:5602 you opened a magic chest. On T:5610 you opened a magic chest. On T:6237 you reached level 2 of The Gnomish Mines. On T:6463 you reached level 3 of The Gnomish Mines. On T:6569 you reached level 4 of The Gnomish Mines. On T:6662 you entered the Minetown temple On T:6776 you opened a magic chest. On T:6778 you opened a magic chest. On T:7479 you advanced to experience level 9. On T:7548 you opened a magic chest. On T:7983 you opened a magic chest. On T:7984 you opened a magic chest. On T:8012 you opened a magic chest. On T:8095 you opened a magic chest. On T:8096 you opened a magic chest. On T:8318 you reached level 5 of The Gnomish Mines. On T:8910 you reached level 6 of The Gnomish Mines. On T:8996 you reached level 7 of The Gnomish Mines. On T:9854 you opened a magic chest. On T:9856 you opened a magic chest. On T:9878 you opened a magic chest. On T:10051 you opened a magic chest. On T:10109 you opened a magic chest. On T:10110 you opened a magic chest. On T:10122 you opened a magic chest. On T:10475 you opened a magic chest. On T:11157 you reached level 8 of The Gnomish Mines. On T:11471 you reached level 9 of The Gnomish Mines. On T:11471 you reached the bottom of the Mines. On T:11483 you advanced to experience level 10. On T:13356 you opened a magic chest. On T:13358 you opened a magic chest. On T:13358 you opened a magic chest. On T:13360 you opened a magic chest. On T:13364 you opened a magic chest. On T:13365 you opened a magic chest. On T:13437 you opened a magic chest. On T:13437 you opened a magic chest. On T:13478 you opened a magic chest. On T:13480 you opened a magic chest. On T:13481 you opened a magic chest. On T:13486 you opened a magic chest. On T:13508 you opened a magic chest. On T:13509 you opened a magic chest. On T:13511 you opened a magic chest. On T:13512 you opened a magic chest. On T:13513 you opened a magic chest. On T:13520 you opened a magic chest. On T:13520 you opened a magic chest. On T:13520 you opened a magic chest. On T:13520 you opened a magic chest. On T:14354 you opened a magic chest. On T:14361 you opened a magic chest. On T:14435 you opened a magic chest. On T:14437 you opened a magic chest. On T:14463 you opened a magic chest. On T:14465 you opened a magic chest. On T:14466 you opened a magic chest. On T:14467 you opened a magic chest. On T:14469 you opened a magic chest. On T:14486 you opened a magic chest. On T:14487 you opened a magic chest. On T:14488 you opened a magic chest. On T:14491 you opened a magic chest. On T:14493 you opened a magic chest. On T:15232 you reached level 11 of The Dungeons of Doom. On T:15383 you reached level 12 of The Dungeons of Doom. On T:15548 you reached level 13 of The Dungeons of Doom. On T:15805 you reached level 14 of The Dungeons of Doom. On T:17491 you opened a magic chest. On T:17493 you opened a magic chest. On T:17519 you opened a magic chest. On T:17519 you opened a magic chest. On T:17519 you opened a magic chest. On T:17520 you opened a magic chest. On T:18624 you reached level 15 of The Dungeons of Doom. On T:19010 you reached level 16 of The Dungeons of Doom. On T:19392 you reached level 17 of The Dungeons of Doom. On T:19438 you reached level 18 of The Dungeons of Doom. On T:19822 you advanced to experience level 11. On T:20076 you reached level 19 of The Dungeons of Doom. On T:20434 you reached level 20 of The Dungeons of Doom. On T:20746 you reached level 21 of The Dungeons of Doom. Score breakdown: Gold: 10152 ( 1015 points) Experience: 11 levels ( 1000 points) Exploration: 21 levels ( 600 points) Discoveries: 28 items ( 1400 points) Variety of kills: 152 monsters ( 2000 points) Major goal: Sokoban/Mines ( 1500 points) Survival: died (score multiplied by 3) Total score: 22545 Latest messages: The air elemental bumps right into you! Pick an object. An air elemental on the floor of a room. The air elemental engulfs you! You are pummeled with debris! (2x) You hack the air elemental! You are pummeled with debris! (3x) You slash the air elemental! You are pummeled with debris! (3x) You hack the air elemental. You are pummeled with debris! (3x) You slash the air elemental! You are pummeled with debris! (3x) You hack the air elemental! You are pummeled with debris! (3x) You are pummeled with debris! (3x) You die... The oilskin sack is empty. The oilskin sack is empty. Final status: Sayonara hackurai the Samurai, killed by an air elemental... You died in The Dungeons of Doom on dungeon level 16 with 22545 points, and 10152 pieces of gold, after 21302 moves. You were level 11 with a maximum of 111 hit points when you died.